 Dungeon Crawl Stone Soup version 0.29-a0-676-ga64570c9d2 (webtiles) character file.

Game seed: 2568487418585453626

63 lesaewzxc the Grave Robber (level 4, -12/33 HPs)
             Began as a Ghoul Necromancer on June 22, 2022.
             Killed by divine providence
             ... invoked by an orc priest
              (13 damage)
             ... on level 3 of the Dungeon on June 24, 2022.
             The game lasted 00:11:46 (1687 turns).

lesaewzxc the Grave Robber (Ghoul Necromancer)      Turns: 1687, Time: 00:11:47

Health: -12/33     AC:  2    Str: 11    XL:     4   Next: 10%
Magic:  1/6        EV: 12    Int: 12    God:
Gold:   92         SH:  0    Dex:  9    Spells: 6/7 levels left

rFire   . . .      SeeInvis .   (no weapon)
rCold   + . .      Faith    .   (no shield)
rNeg    + + +      Spirit   .   a - +0 robe
rPois   ∞          Reflect  .   (no helmet)
rElec   .          Harm     .   (no cloak)
rCorr   .          Rampage  .   (no gloves)
Will    .....                   (no boots)
Stlth   ++........              (no amulet)
HPRegen 0.00/turn               (no ring)
MPRegen 0.10/turn               (no ring)

@: inhibited regen
A: claws 1, cold resistance 1, negative energy resistance 3, inhibited
regeneration, torment resistance 2, devour on kill
a: no special abilities


You were on level 3 of the Dungeon.
You visited 1 branch of the dungeon, and saw 3 of its levels.

You collected 92 gold pieces.

Inventory:

Armour
 a - a +0 robe (worn)
Potions
 b - a potion of heal wounds
 d - a potion of haste
 e - a potion of degeneration {unknown}


   Skills:
 + Level 0.0 Fighting
 + Level 0.1 Armour
 - Level 2.3 Dodging
 + Level 3.1 Stealth
 + Level 0.0 Unarmed Combat
 * Level 2.4 Spellcasting
 + Level 4.3 Necromancy


You had 6 spell levels left.
You knew the following spells:

 Your Spells              Type           Power      Damage    Failure   Level
a - Necrotize             Necr           44%        1d6       4%          1

Your spell library contained the following spells:

 Spells                   Type           Power      Damage    Failure   Level
 Vampiric Draining        Necr           11%        2d6       13%         3
 Animate Dead             Necr           11%        N/A       41%         4
 Agony                    Necr           11%        N/A       77%         5


Dungeon Overview and Level Annotations

Branches:
Dungeon (3/15)

Altars:


Innate Abilities, Weirdness & Mutations

You are immune to poison.
You have sharp fingernails.
Your flesh is cold resistant. (rC+)
You are immune to negative energy. (rN+++)
You do not regenerate when monsters are visible.
You are immune to unholy pain and torment.
You thrive by killing the living.


Message History

The orc priest hits your hobgoblin skeleton with a +0 dagger.
You aren't carrying any scrolls.
Unknown command.
You don't have enough magic to cast this spell.
Your orc skeleton hits the orc priest but does no damage.
Your hobgoblin skeleton hits the orc priest.
The orc priest hits your orc skeleton with a +0 dagger.
The orc priest hits your hobgoblin skeleton with a +0 short sword.
Your hobgoblin skeleton is destroyed!
The orc priest shouts!
Your orc skeleton barely misses the orc priest.
The orc priest mumbles some strange prayers to Beogh against you.
Beogh smites you!
The orc priest hits your orc skeleton with a +0 dagger.
Your orc skeleton is destroyed!
The orc priest miscasts a cantrip.
The orc priest misses you.
The orc priest looks braver for a moment.
The orc hits you but does no damage.
The orc priest begins to cast a cantrip, but forgets the words!
You scratch the orc priest but do no damage.
The orc priest is heavily wounded.
The orc priest looks encouraged for a moment.
The orc priest hits you with a +0 short sword.
The worm bites you!
You scratch the orc priest but do no damage.
The orc priest is heavily wounded.
The orc barely misses you.
The orc priest hits you with a +0 dagger.
* * * LOW HITPOINT WARNING * * *
The orc priest hits you with a +0 short sword.
* * * LOW HITPOINT WARNING * * *
The orc priest attacks as you move away!
The orc priest hits you with a +0 dagger.
* * * LOW HITPOINT WARNING * * *
The orc priest begins to cast a cantrip, but forgets the words!
The orc priest misses you.
The orc priest invokes the aid of Beogh against you.
Beogh smites you!
You die...

.....#####
#............
.........#
#.......####.
.........# ##......##
#. ...).....#
#.......## ##
.........# ###........#
..>......###..........#
......o...[...........#
........ooo#.#.#.....##
........w.@.........##
..........#......####
#### ..........#......#
#... ........#.###..###
#... .......##.. ...#
#.<. .......
##.#.#.#### #... ......
#...#....######... ....
.##............†...
....##............


You could see a worm, 3 orc priests and an orc.

Vanquished Creatures
  2 adders (D:2)
  A dart slug (D:1)
  An orc (D:3)
  3 bats
  4 endoplasms
  2 goblins
  4 hobgoblins
  3 quokkas
  2 ball pythons
  A frilled lizard (D:3)
  A kobold (D:1)
  3 rats (D:1)
27 creatures vanquished.

Vanquished Creatures (collateral kills)
  An adder (D:3)
  A worm (D:2)
2 creatures vanquished.

Grand Total: 29 creatures vanquished

Notes
Turn   | Place    | Note
-------+----------+-------------------------------------------
     0 | D:1      | lesaewzxc the Ghoul Necromancer began the quest for the
                  | Orb.
     0 | D:1      | Reached XP level 1. HP: 14/14 MP: 2/2
   251 | D:1      | Reached XP level 2. HP: 8/20 MP: 0/3
   478 | D:1      | Upgraded the game from 0.29-a0-664-gff9cad4a3d to
                  | 0.29-a0-676-ga64570c9d2
  1239 | D:2      | Reached XP level 3. HP: 10/26 MP: 0/5
  1550 | D:3      | Reached XP level 4. HP: 28/33 MP: 0/6
  1685 | D:3      | HP: 1/33 [orc priest/+0 dagger (4)]
  1687 | D:3      | Killed from afar by an orc priest

Illustrated notes

Levels and vault maps discovered:
D:1:      sevenhm_arrival_forest_fort_large_4, layout_basic
D:2:      layout_basic, dreamdust_ecumenical_altar_sealed_demon
D:3:      layout_rooms

Skill      XL: |  1  2  3 |
---------------+----------+-----
Dodging        | 2 |  2.3
Spellcasting   | 2 |  2.4
Stealth        | 3 |  3.1
Armour         | |  0.1
Necromancy     | |  4.3

Action                   |  1- 3 |  4- 6 || total
-------------------------+-------+-------++-------
Melee: Unarmed           |    47 |     2 ||    49
 Cast: Necrotize         |    40 |    10 ||    50
  Use: Potion            |     2 |       ||     2
       Scroll            |       |     2 ||     2
 Stab: Sleeping          |     2 |       ||     2
Armor: Robe              |    11 |     1 ||    12
Dodge: Dodged            |    52 |     3 ||    55

Table legend: (Time is in decaauts)
 A = Elapsed time spent in this place.
 B = Non-inter-level travel time spent in this place.
 C = Inter-level travel time spent in this place.
 D = Time resting spent in this place.
 E = Time spent auto-exploring this place.
 F = Levels seen in this place.
 G = Mean time per level.
                   A        B        C        D        E       F      G
               +--------+--------+--------+--------+--------+-----+--------+
         Total |   1686 |   1674 |     12 |      0 |    695 |   3 |  562.0 |
       Dungeon |   1686 |   1674 |     12 |      0 |    695 |   3 |  562.0 |
               +--------+--------+--------+--------+--------+-----+--------+

Top non-repeatable levels by time:
     D:1: 1226 daAuts
     D:2: 241 daAuts
     D:3: 218 daAuts
